MLB
LOS ANGELES DODGERS @ COLORADO ROCKIES
08/28/2047
 
TOP OF THE 1ST
Los Angeles Dodgers batting - Pitching for Colorado Rockies : RHP Sean Parks
Pitching: RHP Sean Parks
Batting: RHB Clay Buchanan 0-0: Ball
1-0: Foul Ball, location: 2F
1-1: Ground out 6-3 (Groundball, 6S, EV 65.6 MPH)
Batting: RHB Rocky Campbell 0-0: Ground out 5-3 (Groundball, 56, EV 106.2 MPH)
Batting: SHB Shane Marcum 0-0: SINGLE (Groundball, 34D, EV 97.5 MPH)
Batting: LHB Lirak Bazhunaishvili 0-0: Ball
1-0: Foul Ball, location: 2F
1-1: Called Strike
1-2: Ball
Wild Pitch!
Shane Marcum to second
2-2: Ball
3-2: Strikes out looking
Top of the 1st over - 0 runs, 1 hit, 0 errors, 1 left on base; Los Angeles 0 - Colorado 0
BOTTOM OF THE 1ST
Colorado Rockies batting - Pitching for Los Angeles Dodgers : LHP Gavin White
Pitching: LHP Gavin White
Batting: LHB Freddy Troncoso 0-0: DOUBLE (Flyball, 8RXD, EV 103.1 MPH)
Batting: SHB Eddie Quinones 0-0: Swinging Strike
0-1: Ball
1-1: Foul Ball, location: 2F
1-2: Strikes out swinging
Batting: RHB Joel Haycock 0-0: Foul Ball, location: 2F
0-1: Swinging Strike
0-2: Ball
1-2: Fly out, F9 (Flyball, 9LS, EV 91.9 MPH)
Batting: RHB Jason Andrews 0-0: Fly out, F8 (Flyball, 8RM, EV 76.9 MPH)
Bottom of the 1st over - 0 runs, 1 hit, 0 errors, 1 left on base; Los Angeles 0 - Colorado 0
TOP OF THE 2ND
Los Angeles Dodgers batting - Pitching for Colorado Rockies : RHP Sean Parks
Batting: SHB Joel Baker 0-0: Ball
1-0: Called Strike
1-1: SINGLE (Line Drive, 9S, EV 88.1 MPH)
Batting: RHB Adriaan Boessenkool 0-0: Bunt missed!
0-1: Sac Bunt to 25 - play at first, batter OUT! 5-3
Joel Baker to second
Batting: RHB Ben Mischnick 0-0: Ball
Wild Pitch!
Joel Baker to third
1-0: Ball
2-0: Called Strike
2-1: Foul Ball, location: 2F
2-2: Strikes out swinging
Batting: RHB Wing-kit Bu 0-0: Ball
1-0: Foul Ball, location: 2F
1-1: Ball
2-1: Called Strike
2-2: Strikes out swinging
Top of the 2nd over - 0 runs, 1 hit, 0 errors, 1 left on base; Los Angeles 0 - Colorado 0
BOTTOM OF THE 2ND
Colorado Rockies batting - Pitching for Los Angeles Dodgers : LHP Gavin White
Batting: LHB Shawn Morrison 0-0: Called Strike
0-1: Called Strike
0-2: Ball
1-2: Ball
2-2: Foul Ball, location: 2F
2-2: Ball
3-2: Foul Ball, location: 2F
3-2: Base on Balls
Batting: SHB Chris Blue 0-0: Sac Bunt to P - play at second, runner OUT! 1-6
Batting: RHB Henry Alvizo 0-0: Swinging Strike
0-1: Fly out, F9 (Flyball, 9, EV 76.2 MPH)
Batting: SHB Jon Munoz 0-0: Ball
1-0: Foul Ball, location: 2F
1-1: Ground out 4-3 (Groundball, 4, EV 99.4 MPH)
Bottom of the 2nd over - 0 runs, 0 hits, 0 errors, 1 left on base; Los Angeles 0 - Colorado 0
TOP OF THE 3RD
Los Angeles Dodgers batting - Pitching for Colorado Rockies : RHP Sean Parks
Batting: RHB Edwin Soto 0-0: Ground out 6-3 (Groundball, 4MS, EV 86.2 MPH)
Batting: RHB Clay Buchanan 0-0: Ball
1-0: Ball
2-0: Ball
3-0: Base on Balls
Batting: RHB Rocky Campbell 0-0: Ball
1-0: Ball
2-0: Called Strike
Clay Buchanan is caught stealing 2nd base 2-4
2-1: Foul Ball, location: 2F
2-2: Foul Ball, location: 2F
2-2: Foul Ball, location: 2F
2-2: Fly out, F8 (Flyball, 8LD, EV 104.4 MPH)
Top of the 3rd over - 0 runs, 0 hits, 0 errors, 0 left on base; Los Angeles 0 - Colorado 0
BOTTOM OF THE 3RD
Colorado Rockies batting - Pitching for Los Angeles Dodgers : LHP Gavin White
Batting: RHB Eduardo Camacho 0-0: Ball
1-0: SINGLE (Groundball, 34S, EV 70.6 MPH) (infield hit)
Batting: LHB Freddy Troncoso 0-0: Ball
1-0: Foul Ball, location: 2F
1-1: Ball
2-1: Swinging Strike
2-2: Ball
3-2: Foul Ball, location: 2F
3-2: Base on Balls
Eduardo Camacho to second
Batting: SHB Eddie Quinones 0-0: Ball
1-0: Grounds into double play, 4-6-3 (Groundball, 4, EV 80.0 MPH)
Eduardo Camacho to third
Batting: RHB Joel Haycock 0-0: Ball
1-0: Ball
2-0: Called Strike
2-1: Ball
3-1: Base on Balls
Batting: RHB Jason Andrews 0-0: Swinging Strike
0-1: Ball
1-1: Ball
2-1: Called Strike
2-2: SINGLE (Line Drive, 7S, EV 101.2 MPH)
Eduardo Camacho scores
Joel Haycock to second
Batting: LHB Shawn Morrison 0-0: Ball
1-0: Foul Ball, location: 2F
1-1: Ball
2-1: Ball
3-1: Called Strike
3-2: Foul Ball, location: 2F
3-2: SINGLE (Groundball, 5S, EV 68.8 MPH) (infield hit)
Joel Haycock to third
Jason Andrews to second
Batting: SHB Chris Blue 0-0: Ball
1-0: Called Strike
1-1: Ball
2-1: Foul Ball, location: 2F
2-2: TRIPLE (Line Drive, 9LD, EV 105.0 MPH)
Joel Haycock scores
Jason Andrews scores
Shawn Morrison scores
Batting: RHB Henry Alvizo 0-0: Swinging Strike
0-1: Ground out 6-3 (Groundball, 6, EV 82.5 MPH)
Bottom of the 3rd over - 4 runs, 4 hits, 0 errors, 1 left on base; Los Angeles 0 - Colorado 4
TOP OF THE 4TH
Los Angeles Dodgers batting - Pitching for Colorado Rockies : RHP Sean Parks
Batting: SHB Shane Marcum 0-0: Ball
1-0: Ball
2-0: Ball
3-0: Called Strike
3-1: Ground out 4-3 (Groundball, 34, EV 82.5 MPH)
Batting: LHB Lirak Bazhunaishvili 0-0: Ball
1-0: Ball
2-0: Ball
3-0: SINGLE (Groundball, 6MS, EV 70.6 MPH) (infield hit)
Batting: SHB Joel Baker 0-0: Called Strike
0-1: Called Strike
0-2: Foul Ball, location: 2F
0-2: Ball
1-2: Foul Ball, location: 2F
1-2: Grounds into double play, 6-4-3 (Groundball, 6, EV 91.2 MPH)
Top of the 4th over - 0 runs, 1 hit, 0 errors, 0 left on base; Los Angeles 0 - Colorado 4
BOTTOM OF THE 4TH
Colorado Rockies batting - Pitching for Los Angeles Dodgers : LHP Gavin White
Batting: SHB Jon Munoz 0-0: Ground out 4-3 (Groundball, 4, EV 85.0 MPH)
Batting: RHB Eduardo Camacho 0-0: Ball
1-0: Called Strike
1-1: Fly out, F9 (Flyball, 89M, EV 84.4 MPH)
Batting: LHB Freddy Troncoso 0-0: Ball
1-0: Foul Ball, location: 2F
1-1: Foul Ball, location: 2F
1-2: Foul Ball, location: 2F
1-2: Ball
2-2: Ball
3-2: Foul Ball, location: 2F
3-2: Base on Balls
Batting: SHB Eddie Quinones 0-0: Swinging Strike
0-1: Swinging Strike
0-2: Strikes out swinging
Bottom of the 4th over - 0 runs, 0 hits, 0 errors, 1 left on base; Los Angeles 0 - Colorado 4
TOP OF THE 5TH
Los Angeles Dodgers batting - Pitching for Colorado Rockies : RHP Sean Parks
Batting: RHB Adriaan Boessenkool 0-0: Ground out 6-3 (Groundball, 6, EV 98.8 MPH)
Batting: RHB Ben Mischnick 0-0: Ball
1-0: Ball
2-0: Called Strike
2-1: Foul Ball, location: 2F
2-2: Ball
3-2: Base on Balls
Batting: RHB Wing-kit Bu 0-0: Foul Ball, location: 2F
0-1: Ball
Pickoff Throw to First - Out! 1-3
1-1: Ball
2-1: Ball
3-1: Fly out, F7 (Flyball, 7LSF, EV 88.1 MPH)
Top of the 5th over - 0 runs, 0 hits, 0 errors, 0 left on base; Los Angeles 0 - Colorado 4
BOTTOM OF THE 5TH
Colorado Rockies batting - Pitching for Los Angeles Dodgers : LHP Gavin White
Batting: RHB Joel Haycock 0-0: Ball
1-0: Foul Ball, location: 2F
1-1: Ball
2-1: Ball
3-1: Foul Ball, location: 2F
3-2: Base on Balls
Batting: RHB Jason Andrews 0-0: Ball
1-0: DOUBLE (Flyball, 8RXD, EV 115.6 MPH)
Joel Haycock to third
Batting: LHB Shawn Morrison 0-0: Ball
1-0: Foul Ball, location: 2F
1-1: 3-RUN HOME RUN (Line Drive, 89XD, EV 108.8 MPH), Distance : 406 ft
Pitching: RHP Nick Harmon
Batting: SHB Chris Blue 0-0: Ball
1-0: Ball
2-0: Ball
3-0: Called Strike
3-1: Foul Ball, location: 2F
3-2: Fly out, F7 (Flyball, 7LMF, EV 90.0 MPH)
Batting: RHB Henry Alvizo 0-0: Called Strike
0-1: Ball
1-1: Called Strike
1-2: Strikes out looking
Batting: SHB Jon Munoz 0-0: Called Strike
0-1: Ball
1-1: Foul Ball, location: 2F
1-2: Ball
2-2: Foul Ball, location: 2F
2-2: Strikes out swinging
Bottom of the 5th over - 3 runs, 2 hits, 0 errors, 0 left on base; Los Angeles 0 - Colorado 7
TOP OF THE 6TH
Los Angeles Dodgers batting - Pitching for Colorado Rockies : RHP Sean Parks
Batting: RHB Edwin Soto 0-0: Swinging Strike
0-1: Ball
1-1: SINGLE (Groundball, 6D, EV 106.9 MPH)
Batting: RHB Clay Buchanan 0-0: Swinging Strike
0-1: Grounds into double play, 6-4-3 (Groundball, 6, EV 90.0 MPH)
Batting: RHB Rocky Campbell 0-0: Ball
1-0: Called Strike
1-1: Ball
2-1: Called Strike
2-2: Ball
3-2: Base on Balls
Batting: SHB Shane Marcum 0-0: Ball
1-0: Ball
2-0: Ball
3-0: Base on Balls
Rocky Campbell to second
Batting: LHB Lirak Bazhunaishvili 0-0: Ball
1-0: Ball
2-0: Ball
3-0: Base on Balls
Rocky Campbell to third
Shane Marcum to second
Batting: SHB Joel Baker 0-0: SINGLE (Groundball, 4M, EV 105.0 MPH) (infield hit)
Rocky Campbell scores
Shane Marcum to third
Lirak Bazhunaishvili to second
Batting: RHB Adriaan Boessenkool 0-0: Ball
1-0: Ball
2-0: Foul Ball, location: 2F
2-1: SINGLE (Flyball, 4D, EV 88.1 MPH)
Shane Marcum scores
Lirak Bazhunaishvili to third
Joel Baker to second
Batting: RHB Ben Mischnick 0-0: Foul Ball, location: 2F
0-1: Foul Ball, location: 2F
0-2: Ball
1-2: Ball
2-2: Ball
3-2: Strikes out looking
Top of the 6th over - 2 runs, 3 hits, 0 errors, 3 left on base; Los Angeles 2 - Colorado 7
BOTTOM OF THE 6TH
Colorado Rockies batting - Pitching for Los Angeles Dodgers : RHP Nick Harmon
Batting: RHB Eduardo Camacho 0-0: Called Strike
0-1: Ground out 5-3 (Groundball, 56D, EV 86.2 MPH)
Batting: LHB Freddy Troncoso 0-0: Ball
1-0: Ground out 6-3 (Groundball, 6, EV 105.6 MPH)
Batting: SHB Eddie Quinones 0-0: Swinging Strike
0-1: Foul Ball, location: 2F
0-2: Ground out 4-3 (Groundball, 34, EV 82.5 MPH)
Bottom of the 6th over - 0 runs, 0 hits, 0 errors, 0 left on base; Los Angeles 2 - Colorado 7
TOP OF THE 7TH
Los Angeles Dodgers batting - Pitching for Colorado Rockies : RHP Sean Parks
Batting: RHB Wing-kit Bu 0-0: Ball
1-0: Called Strike
1-1: Ball
2-1: Fly out, F6 (Line Drive, 6, EV 65.0 MPH)
Batting: RHB Edwin Soto 0-0: Ball
1-0: Called Strike
1-1: Ball
2-1: Ball
3-1: Swinging Strike
3-2: SINGLE (Groundball, 56D, EV 100.6 MPH)
Pitching: LHP Bill Ogren
Batting: RHB Clay Buchanan 0-0: Called Strike
0-1: Swinging Strike
0-2: Ball
1-2: Ball
2-2: Ball
3-2: Foul Ball, location: 2F
3-2: Foul Ball, location: 2F
3-2: Base on Balls
Edwin Soto to second
Batting: RHB Rocky Campbell 0-0: Ball
1-0: Ball
2-0: Ball
3-0: Called Strike
3-1: Foul Ball, location: 2F
3-2: Base on Balls
Edwin Soto to third
Clay Buchanan to second
Batting: SHB Shane Marcum 0-0: Ball
1-0: Foul Ball, location: 2F
1-1: Called Strike
1-2: Ball
2-2: Grounds into double play, U5-3 (Groundball, 5L, EV 79.4 MPH)
Top of the 7th over - 0 runs, 1 hit, 0 errors, 2 left on base; Los Angeles 2 - Colorado 7
BOTTOM OF THE 7TH
Colorado Rockies batting - Pitching for Los Angeles Dodgers : RHP Nick Harmon
Pitching: RHP Nate Allen
Batting: RHB Joel Haycock 0-0: Called Strike
0-1: Called Strike
0-2: DOUBLE (Line Drive, 9LD, EV 106.2 MPH)
Batting: RHB Jason Andrews 0-0: Ball
1-0: Called Strike
1-1: DOUBLE (Line Drive, 5D, EV 94.4 MPH)
Joel Haycock scores
Batting: LHB Shawn Morrison 0-0: Fly out, F9 (Flyball, 9D, EV 85.0 MPH)
Runner from 2nd tags up, SAFE at 3rd, no throw by RF
Batting: SHB Chris Blue 0-0: Ball
1-0: Ball
2-0: 2-RUN HOME RUN (Flyball, 9D, EV 99.4 MPH), Distance : 386 ft
Batting: RHB Henry Alvizo 0-0: Called Strike
0-1: Ball
1-1: Foul Ball, location: 2F
1-2: Foul Ball, location: 2F
1-2: Ball
2-2: Ball
3-2: Foul Ball, location: 2F
3-2: Base on Balls
Batting: SHB Jon Munoz 0-0: Ball
1-0: Ball
2-0: Fly out, F7 (Flyball, 7LSF, EV 95.0 MPH)
Batting: RHB Eduardo Camacho 0-0: Foul Ball, location: 2F
0-1: Swinging Strike
0-2: Foul Ball, location: 2F
0-2: Foul Ball, location: 2F
0-2: Ball
1-2: Foul Ball, location: 2F
1-2: Ball
2-2: Ball
3-2: Ground out 3-1 (Groundball, 34, EV 107.5 MPH)
Bottom of the 7th over - 3 runs, 3 hits, 0 errors, 1 left on base; Los Angeles 2 - Colorado 10
TOP OF THE 8TH
Los Angeles Dodgers batting - Pitching for Colorado Rockies : LHP Bill Ogren
Batting: LHB Lirak Bazhunaishvili 0-0: Called Strike
0-1: Ball
1-1: Foul Ball, location: 2F
1-2: DOUBLE (Line Drive, 9LM, EV 93.8 MPH)
Batting: SHB Joel Baker 0-0: Ball
1-0: Called Strike
1-1: Ball
2-1: Foul Ball, location: 2F
2-2: Fly out, F9 (Flyball, 89M, EV 81.2 MPH)
Batting: RHB Adriaan Boessenkool 0-0: Swinging Strike
0-1: Called Strike
0-2: Strikes out swinging
Batting: RHB Ben Mischnick 0-0: Ball
1-0: Ball
2-0: Ball
Wild Pitch!
Lirak Bazhunaishvili to third
3-0: Base on Balls
Batting: RHB Wing-kit Bu 0-0: Swinging Strike
0-1: SINGLE (Groundball, 4M, EV 99.4 MPH) (infield hit)
Lirak Bazhunaishvili scores
Ben Mischnick to second
Batting: RHB Edwin Soto 0-0: Ground out 3-1 (Groundball, 34S, EV 86.9 MPH)
Top of the 8th over - 1 run, 2 hits, 0 errors, 2 left on base; Los Angeles 3 - Colorado 10
BOTTOM OF THE 8TH
Colorado Rockies batting - Pitching for Los Angeles Dodgers : RHP Nate Allen
Pitching: RHP Jon Schau
Batting: LHB Freddy Troncoso 0-0: SOLO HOME RUN (Flyball, 8LXD, EV 101.9 MPH), Distance : 420 ft
Batting: SHB Eddie Quinones 0-0: Foul Ball, location: 2F
0-1: Ball
1-1: Ball
2-1: Swinging Strike
2-2: Strikes out swinging
Batting: RHB Joel Haycock 0-0: Ball
1-0: Swinging Strike
1-1: Called Strike
1-2: Ground out 6-3 (Groundball, 6, EV 98.1 MPH)
Batting: RHB Jason Andrews 0-0: Swinging Strike
0-1: Called Strike
0-2: Ball
1-2: Ball
2-2: SOLO HOME RUN (Flyball, 7D, EV 99.4 MPH), Distance : 369 ft
Batting: LHB Shawn Morrison 0-0: Swinging Strike
0-1: Ball
1-1: Called Strike
1-2: Foul Ball, location: 2F
1-2: Ball
2-2: Fly out, F7 (Flyball, 7D, EV 100.0 MPH)
Bottom of the 8th over - 2 runs, 2 hits, 0 errors, 0 left on base; Los Angeles 3 - Colorado 12
TOP OF THE 9TH
Los Angeles Dodgers batting - Pitching for Colorado Rockies : LHP Bill Ogren
Batting: RHB Clay Buchanan 0-0: SINGLE (Flyball, 78S, EV 91.9 MPH)
Batting: RHB Rocky Campbell 0-0: Ball
1-0: Ball
2-0: SINGLE (Line Drive, 4D, EV 97.5 MPH)
Clay Buchanan to second
Pitching: RHP Tony Campos
Batting: LHB Juan Concepcion 0-0: Called Strike
0-1: Ball
1-1: Ball
2-1: Ball
3-1: Called Strike
3-2: Strikes out swinging
Batting: LHB Lirak Bazhunaishvili 0-0: Ball
1-0: Called Strike
1-1: 3-RUN HOME RUN (Flyball, 89XD, EV 98.8 MPH), Distance : 406 ft
Batting: SHB Joel Baker 0-0: Called Strike
0-1: Called Strike
0-2: Strikes out looking
Batting: RHB Adriaan Boessenkool 0-0: Ball
1-0: Swinging Strike
1-1: Ball
2-1: Ball
3-1: Called Strike
3-2: Foul Ball, location: 2F
3-2: TRIPLE (Flyball, 8RXD, EV 91.9 MPH)
Batting: RHB Ben Mischnick 0-0: Called Strike
0-1: Ball
1-1: Ground out 3-1 (Groundball, 34, EV 102.5 MPH)
Top of the 9th over - 3 runs, 4 hits, 0 errors, 1 left on base; Los Angeles 6 - Colorado 12
Thursday, December 15th , 2022 - OOTP Baseball 23.9 Build 102